 Dungeon Crawl Stone Soup version 0.30-a0-509-gd016549fea (webtiles) character file.

Game seed: 10958493577925150479

56 bjtr the Digger (level 3, 0/19 HPs)
             Began as a Gargoyle Earth Elementalist on Dec 21, 2022.
             Slain by an iguana (8 damage)
             ... on level 2 of the Dungeon on Dec 22, 2022.
             The game lasted 00:07:14 (1873 turns).

bjtr the Digger (Gargoyle Earth Elementalist)       Turns: 1873, Time: 00:07:15

Health: 0/19       AC:  6    Str: 11    XL:     3   Next: 97%
Magic:  4/7        EV: 11    Int: 17    God:
Gold:   124        SH:  0    Dex: 10    Spells: 4/7 levels left

rFire   . . .      SeeInvis .    m - +1 dagger (protect)
rCold   . . .      Faith    .    (no shield)
rNeg    + . .      Spirit   .    a - +0 robe
rPois   ∞          Reflect  .    (no helmet)
rElec   +          Harm     .    (no cloak)
rCorr   .          Rampage  .    (no gloves)
Will    .....                    f - +0 pair of boots
Stlth   ++........               (no amulet)
HPRegen 0.23/turn                d - ring of wizardry
MPRegen 0.10/turn                (no ring)

@: no status effects
A: sickness immunity, AC +3, negative energy resistance 1, electricity
resistance, torment resistance 1, petrification resistance
a: no special abilities


You were on level 2 of the Dungeon.
You visited 1 branch of the dungeon, and saw 3 of its levels.

You collected 124 gold pieces.

Inventory:

Hand Weapons
 m - a +1 dagger of protection (weapon)
Missiles
 j - 4 poisoned darts
Armour
 a - a +0 robe (worn)
 f - a +0 pair of boots (worn)
Jewellery
 d - a ring of wizardry (left hand)
 l - a ring of fire
Scrolls
 o - a scroll of enchant armour {unknown}
 p - a scroll of fear {unknown}
 q - a scroll of fog {unknown}
Potions
 b - 2 potions of magic
 c - 3 potions of curing {unknown}
 e - 2 potions of degeneration {unknown}
 g - 2 potions of might {unknown}
 h - 2 potions of haste {unknown}
 i - a potion of invisibility {unknown}
 k - a potion of heal wounds {unknown}
 n - a potion of flight {unknown}


   Skills:
 * Level 0.6 Armour
 + Level 1.5 Dodging
 + Level 2.6 Stealth
 * Level 0.8 Shields
 * Level 2.7 Spellcasting
 - Level 0.7 Transmutations
 * Level 4.5 Earth Magic


You had 4 spell levels left.
You knew the following spells:

 Your Spells              Type           Power      Damage    Failure   Level
a - Sandblast             Erth           34%        2d9       1%          1
b - Passwall              Tmut/Erth      9%         N/A       4%          2

Your spell library contained the following spells:

 Spells                   Type           Power      Damage    Failure   Level
 Apportation              Tloc           4%         N/A       8%          1
 Kiss of Death            Conj/Necr      8%         2d6       8%          1
 Necrotise                Necr           8%         1d4       8%          1
 Summon Small Mammal      Summ           8%         N/A       8%          1
 Stone Arrow              Conj/Erth      20%        3d8       9%          3
 Confusing Touch          Hex            2%         N/A       21%         3
 Petrify                  Tmut/Erth      11%        N/A       24%         4
 Dispel Undead            Necr           2%         3d7       54%         4


Dungeon Overview and Level Annotations

Branches:
Dungeon (3/15)

Altars:
Sif Muna


Innate Abilities, Weirdness & Mutations

You are immune to sickness and miasma.
Your stone body is resilient. (AC +3)
You are immune to poison.
You resist negative energy. (rN+)
You are resistant to electric shocks. (rElec)
You are resistant to unholy torment.
You are immune to petrification.


Message History

Done exploring.
There is a stone staircase leading down here.
You climb downwards.
The jackal barks! x2; You hear a bark!
You hear an angry hiss.
Found 2 bubbling sapphire potions and 6 boomerangs.
There is a stone staircase leading up here.
Casting: Sandblast (safe; 1% risk of failure)
Confirm with . or Enter, or press ? or * to list all spells.
Aiming: Sandblast (safe; 1% risk of failure)
Press: ? - help, Shift-Dir - straight line, f - jackal
Aim: a jackal (77% to hit)
The blast of sand hits the jackal!
You kill the jackal!
Unknown command.
Casting: Sandblast (safe; 1% risk of failure)
Confirm with . or Enter, or press ? or * to list all spells.
Aiming: Sandblast (safe; 1% risk of failure)
Press: ? - help, Shift-Dir - straight line, f - iguana
Aim: an iguana (84% to hit)
The blast of sand hits the iguana but does no damage.
A ball python comes into view.
A jackal comes into view.
The jackal bites you but does no damage.
The iguana bites you!
The jackal bites you but does no damage.
The iguana bites you.
An endoplasm comes into view.
Unknown command.
The jackal bites you but does no damage.
The iguana closely misses you.
You climb upwards.
There is a stone staircase leading down here.
Casting: Sandblast (safe; 1% risk of failure)
Confirm with . or Enter, or press ? or * to list all spells.
Aiming: Sandblast (safe; 1% risk of failure)
Press: ? - help, Shift-Dir - straight line, f - jackal
Aim: a jackal (77% to hit)
The blast of sand hits the jackal!
You kill the jackal!
The iguana bites you!
You die...

#.#.# #.# ####.#### # #.#.#
#.# #.######### #.#.# #.#
######.#.......#
#.#.#####.####......#.#####.#
#................###...###...
###.................<........
#######.####.#.###...###...
#.####.#.# ##.## ##.#
#...@l.#.# #.# #.# ########.#
#.# #.# #.# #.# #.. #.####.#
### #......# ########


You could see an iguana.

Vanquished Creatures
  An adder (D:2)
  A worm (D:2)
  A dart slug (D:2)
  4 ball pythons
  3 endoplasms
  A giant cockroach (D:2)
  5 goblins
  3 hobgoblins
  2 jackals
  A quokka (D:1)
  6 bats
  2 frilled lizards
  5 kobolds
  4 rats (D:1)
39 creatures vanquished.

Notes
Turn   | Place    | Note
-------+----------+-------------------------------------------
     0 | D:1      | bjtr the Gargoyle Earth Elementalist began the quest for
                  | the Orb.
     0 | D:1      | Reached XP level 1. HP: 10/10 MP: 3/3
   224 | D:1      | Reached skill level 4 in Earth Magic
   227 | D:1      | Reached XP level 2. HP: 15/15 MP: 1/5
   230 | D:1      | Learned a level 2 spell: Passwall
   498 | D:1      | Found a faded altar of an unknown god.
   581 | D:1      | Upgraded the game from 0.30-a0-476-g330ca2eb8e to
                  | 0.30-a0-509-gd016549fea
  1149 | D:2      | Reached XP level 3. HP: 19/19 MP: 4/6
  1456 | D:2      | Found a shimmering blue altar of Sif Muna.
  1873 | D:2      | Slain by an iguana

Illustrated notes

Levels and vault maps discovered:
D:1:      minmay_arrival_stair_chambers, layout_loops_corners,
          shapermc_ecumenical_altar_venn, minivault_11, fountainhead
D:2:      layout_loops_ring, basic_altar, minmay_bisected
D:3:      layout_basic, nicolae_ru_the_path_less_chosen, minmay_surrounded

Skill      XL: |  1 |
---------------+----+-----
Earth Magic    | 4 |  4.5
Armour         | |  0.6
Dodging        | |  1.5
Stealth        | |  2.6
Shields        | |  0.8
Spellcasting   | |  2.7
Transmutations | |  0.7

Action                   || total
-------------------------++-------
Melee: Dagger            ||     1
 Cast: Sandblast         ||    49
  Use: Scroll            ||     3
Armor: Robe              ||     7
Dodge: Dodged            ||     9

Table legend: (Time is in decaauts)
 A = Elapsed time spent in this place.
 B = Non-inter-level travel time spent in this place.
 C = Inter-level travel time spent in this place.
 D = Time resting spent in this place.
 E = Time spent auto-exploring this place.
 F = Levels seen in this place.
 G = Mean time per level.
                   A        B        C        D        E       F      G
               +--------+--------+--------+--------+--------+-----+--------+
         Total |   1896 |   1853 |     43 |     78 |   1499 |   3 |  632.0 |
       Dungeon |   1896 |   1853 |     43 |     78 |   1499 |   3 |  632.0 |
               +--------+--------+--------+--------+--------+-----+--------+

Top non-repeatable levels by time:
     D:1: 1150 daAuts
     D:2: 741 daAuts
     D:3: 4 daAuts
